 Dungeon Crawl Stone Soup version 0.23.0-2-g0fe3ce5905 (webtiles) character file.

Game seed: 12912763031292922499

161 Ivernyr the Insei (level 5, -3/25 HPs)
             Began as a Vine Stalker Transmuter on Feb 20, 2019.
             Slain by a gnoll
             ... wielding a cursed +0 spear
              (5 damage)
             ... on level 2 of the Dungeon.
             The game lasted 00:13:53 (2063 turns).

Ivernyr the Insei (Vine Stalker Transmuter)         Turns: 2063, Time: 00:13:53

Health: -3/25      AC:  3    Str: 12    XL:     5   Next: 42%
Magic:  0/10       EV: 13    Int: 14    God:
Gold:   179        SH:  0    Dex: 15    Spells: 4/10 levels left

rFire    . . .     SeeInvis .     - Unarmed
rCold    . . .     Gourm    .   (no shield)
rNeg     + . .     Faith    .   b - +0 robe
rPois    .         Spirit   +   o - +0 helmet
rElec    .         Reflect  .   (no cloak)
rCorr    .         Harm     .   (no gloves)
MR       .....                  (boots currently unavailable)
Stlth    +.........             (no amulet)
HPRegen  0.48/turn              i - ring of positive energy
MPRegen  0.12/turn              (no ring)

@: appendage, very slightly contaminated
A: fangs 2, talons 3, regeneration 1, magic shield, antimagic bite, no potion
heal 3, rot immunity
a: End Transformation


You were on level 2 of the Dungeon.
You were not hungry.
You had grown temporary talons.
You visited 1 branch of the dungeon, and saw 2 of its levels.

You collected 179 gold pieces.

Inventory:

Missiles
 a - 12 arrows
Armour
 b - a +0 robe (worn)
 o - a +0 helmet (worn)
Jewellery
 i - a ring of positive energy (left hand)
Scrolls
 c - a scroll of remove curse {unknown}
 f - 4 scrolls of identify {unknown}
 h - 3 scrolls of teleportation {unknown}
 j - a scroll of magic mapping {unknown}
 m - a scroll of noise {unknown}
Potions
 e - a potion of lignification {unknown}
 g - a potion of brilliance {unknown}
 k - 2 potions of magic {unknown}
 l - a potion of berserk rage {unknown}
 n - a potion of heal wounds {unknown}
 p - a potion of curing {unknown}
Comestibles
 d - 2 rations


   Skills:
 - Level 1.0 Fighting
 + Level 2.4 Dodging
 + Level 3.7 Unarmed Combat
 + Level 3.1 Spellcasting
 * Level 3.7 Transmutations


You had 4 spell levels left.
You knew the following spells:

 Your Spells              Type           Power        Failure   Level  Hunger
a - Beastly Appendage     Tmut           ##....       4%          1    #......
b - Sticks to Snakes      Tmut           ##......     7%          2    ##.....
c - Spider Form           Tmut/Pois      #.........   30%         3    ###....

Your spell library contained the following spells:

 Spells                   Type           Power        Failure   Level  Hunger
 Ice Form                 Ice/Tmut       #.......     69%         4    #####..
 Blade Hands              Tmut           ##........   77%         5    ######.


Dungeon Overview and Level Annotations

Branches:
Dungeon (2/15)

Altars:


Innate Abilities, Weirdness & Mutations

You have extremely sharp teeth.
Your natural rate of healing is unusually fast.
When hurt, damage is shared between your health and your magic reserves.
Your bite disrupts and absorbs the magic of your enemies.
Potions cannot restore your health.
You are immune to rotting.
You have claws for feet.


Message History

The gnoll hits you from afar with a cursed +0 spear.
Casting: Beastly Appendage (safe; 4% risk of failure)
Confirm with . or Enter, or press ? or * to list all spells.
Your feet morph into talons.
The gnoll closely misses you.
The gnoll hits you with a cursed +0 spear!
You hit the gnoll.
The gnoll is moderately wounded.
The gnoll hits you with a cursed +0 spear.
* * * LOW HITPOINT WARNING * * *
You barely miss the gnoll. You claw the gnoll! Your bite misses the gnoll.
The gnoll is severely wounded.
The gnoll closely misses you.
You hit the gnoll. Your kick misses the gnoll.
The gnoll is almost dead.
The gnoll hits you with a cursed +0 spear.
* * * LOW HITPOINT WARNING * * *
You barely miss the gnoll. You bite the gnoll, but do no damage.
The gnoll is almost dead.
The gnoll hits you with a cursed +0 spear.
You die...

#####'#.........####...).>....##
#).....###.............†#.#...#
#......# #.......÷...#........#
#..>...###....................#
#........(...........###...##.#
#...................## #.##...#
#............######## #.##.####
#######.......###########.##.....
................@g...............
..(....##.#########'#####.......#
#####g###..#######....# #######.#
#.# ##.#...(.#....# #.# #.#
#.......#....# ###.# #.#
##......#....# #...# #.#
#......#....# #(### #####.#
##.....#....# #.# #.g...#
#.##.)....## ###)###


You could see a gnoll.

Vanquished Creatures
  Natasha (thrice) (D:2)
  2 gnolls (D:2)
  An adder (D:2)
  A dart slug (D:1)
  A leopard gecko (D:2)
  2 giant cockroaches
  9 goblins
  9 hobgoblins
  A jackal (D:1)
  6 kobolds
  8 bats
  6 frilled lizards
  8 rats
57 creatures vanquished.

Notes
Turn   | Place    | Note
-------+----------+-------------------------------------------
     0 | D:1      | Ivernyr the Vine Stalker Transmuter began the quest for the
                  | Orb.
     0 | D:1      | Reached XP level 1. HP: 9/9 MP: 4/4
    44 | D:1      | Reached skill level 1 in Fighting
   127 | D:1      | Reached XP level 2. HP: 6/14 MP: 4/6
   416 | D:1      | Learned a level 2 spell: Sticks to Snakes
   822 | D:1      | Reached XP level 3. HP: 13/18 MP: 7/7
   908 | D:1      | Learned a level 3 spell: Spider Form
  1384 | D:2      | Noticed Natasha
  1408 | D:2      | Killed Natasha
  1408 | D:2      | Gained mutation: Your natural rate of healing is unusually
                  | fast. [Vine Stalker growth]
  1408 | D:2      | Reached XP level 4. HP: 7/22 MP: 2/9
  1447 | D:2      | Noticed Natasha
  1465 | D:2      | Killed Natasha
  1522 | D:2      | Noticed Natasha
  1535 | D:2      | Killed Natasha
  1586 | D:2      | Reached XP level 5. HP: 25/25 MP: 10/10
  2063 | D:2      | Slain by a gnoll

Skill      XL: |  1  2  3  4  5 |
---------------+----------------+-----
Fighting       | 1 |  1.0
Dodging        | 2 |  2.4
Transmutations | 3 |  3.7
Spellcasting   | 3 |  3.1
Unarmed Combat | |  3.7

Action                   |  1- 3 |  4- 6 || total
-------------------------+-------+-------++-------
Melee: Unarmed           |   100 |    90 ||   190
       Bite              |    19 |    20 ||    39
       Kick              |     8 |     4 ||    12
       Headbutt          |       |     2 ||     2
       Punch             |       |     2 ||     2
 Cast: Beastly Appendage |     7 |     8 ||    15
 Stab: Sleeping          |       |     1 ||     1
  Eat: Chunk             |     2 |     2 ||     4
Armor: Robe              |    14 |    10 ||    24
Dodge: Dodged            |    47 |    60 ||   107
